 Dungeon Crawl Stone Soup version 0.31-a0-795-g5eb97db20b (webtiles) character file.

Game seed: 7292622576170802088

930 Joey1 the Cleaver (level 7, -4/61 HPs)
             Began as a Minotaur Fighter on Sept 18, 2023.
             Slain by a gnoll
             ... wielding a +0 flail
             ... led by a gnoll bouda
              (5 damage)
             ... on level 4 of the Dungeon.
             The game lasted 00:06:48 (4926 turns).

Joey1 the Cleaver (Minotaur Fighter)                Turns: 4926, Time: 00:06:48

Health: -4/61      AC:  8    Str: 22    XL:     7   Next: 86%
Magic:  6/6        EV: 10    Int:  5    God:
Gold:   309        SH:  5    Dex: 10    Spells: 6/6 levels left

rFire   . . .        a - +0 war axe
rCold   . . .        c - +0 buckler
rNeg    . . .        b - +0 scale mail
rPois   .            (helmet restricted)
rElec   .            (no cloak)
rCorr   .            r - +0 pair of gloves
SInv    .            (no boots)
Will    .....        (no amulet) Stlth
                     (no ring)
HPRegen 0.30/turn    (no ring)
MPRegen 0.10/turn

%: no passive effects
@: no status effects
A: horns 2, retaliatory headbutt
a: no special abilities


You were on level 4 of the Dungeon.
You visited 1 branch of the dungeon, and saw 5 of its levels.

You collected 309 gold pieces.

Inventory:

Hand Weapons
 a - a +0 war axe (weapon)
Missiles
 m - a throwing net
 u - 6 boomerangs
Armour
 b - a +0 scale mail (worn)
 c - a +0 buckler (worn)
 r - a +0 pair of gloves (worn)
Jewellery
 v - a ring of see invisible
Scrolls
 g - 2 scrolls of amnesia {unknown}
 h - a scroll of revelation {unknown}
 i - a scroll of immolation {unknown}
 l - 2 scrolls of noise {unknown}
 n - a scroll of enchant weapon {unknown}
 o - a scroll of poison {unknown}
 p - 4 scrolls of teleportation {unknown}
 s - a scroll of identify {unknown}
 t - a scroll of vulnerability {unknown}
Potions
 d - 2 potions of might
 e - 4 potions of curing
 f - 2 potions of brilliance {unknown}
 j - a potion of mutation {unknown}
 k - 2 potions of heal wounds {unknown}
 q - a potion of cancellation {unknown}


   Skills:
 - Level 5.0 Fighting
 * Level 9.2 Axes
 - Level 3.8 Armour
 - Level 3.0 Dodging
 - Level 5.0 Shields


You had 6 spell levels left.
You didn't know any spells.
Your spell library contained the following spells:

 Spells                   Type           Power      Damage    Failure   Level
 Apportation              Tloc           0%         N/A       86%         1
 Necrotise                Necr           0%         1d4       86%         1
 Summon Small Mammal      Summ           0%         N/A       86%         1
 Dazzling Flash           Conj/Hex       0%         N/A       99%         3
 Volatile Blastmotes      Fire/Tloc      0%         2d10      99%         3
 Starburst                Conj/Fire      0%         6d3       100%        6
 Maxwell's Capacitive Co  Air            0%         ∞         100%        8


Dungeon Overview and Level Annotations

Branches:
Dungeon (5/15)
 Temple: D:4-7

Altars:
Cheibriados
Dithmenos
Fedhas
Qazlal
Vehumet
Wu Jian
Yredelemnul


Innate Abilities, Weirdness & Mutations

You have a pair of horns on your head.
You reflexively headbutt those who attack you in melee.


Message History

You block the gnoll's attack.
There is an open door here.
The gnoll attacks as it pursues you! The gnoll hits you with a +0 flail.
* * * LOW HITPOINT WARNING * * *
The gnoll hits you with a +0 flail.
* * * LOW HITPOINT WARNING * * *
Your attacks no longer feel as feeble.
The gnoll attacks as it pursues you! The gnoll closely misses you.
The gnoll attacks as it pursues you! The gnoll hits you with a +0 flail.
* * * LOW HITPOINT WARNING * * *
The gnoll bouda barks out a call to the hunt!
The gnoll picks up the pace!
The gnoll attacks as it pursues you! The gnoll hits you with a +0 flail.
* * * LOW HITPOINT WARNING * * *
There is an open door here.
The gnoll is no longer moving quickly.
The gnoll bouda barks out a call to the hunt!
The gnoll picks up the pace!
The gnoll hits you but does no damage.
There is a stone staircase leading up here.
The gnoll bouda gazes fiercely through you!
You feel your attacks grow feeble. The gnoll hits you with a +0 flail.
* * * LOW HITPOINT WARNING * * *
You climb upwards.
There is a stone staircase leading down here.
It was a potion of curing.
You feel better. The gnoll hits you with a +0 flail.
* * * LOW HITPOINT WARNING * * *
You slash the gnoll! Your headbutt misses the gnoll.
The gnoll is severely wounded.
The gnoll barely misses you.
You closely miss the gnoll.
The gnoll is severely wounded.
The gnoll hits you with a +0 flail!
* * * LOW HITPOINT WARNING * * *
You hit the gnoll.
The gnoll is almost dead.
Your attacks no longer feel as feeble.
The gnoll hits you with a +0 flail.
You die...

.# #..# #....###.[# .#
#..####.#.## #..# .#
#..#.......###..#
.#####..#........##..#
........#.........#..#
#####..>.............#
.....................#
###....#.............#
#.####........@#.#.#
#.# #.###...g.....#
#.# #.# #.###.#.#.#
#.####.# #.# ##...##
#....#.###.## ##.##
####.#.##...####.#
#..............#
#..#.##...######
#####..#.###.##


You could see a gnoll (swift).

Vanquished Creatures
  Sigmund (D:2)
  A water moccasin (D:5)
  2 phantoms (D:5)
  A scorpion (D:4)
  A howler monkey (D:4)
  2 quasits (D:4)
  An orc priest (D:3)
  A hound (D:5)
  Jessica (D:3)
  2 iguanas (D:5)
  7 gnolls
  2 adders
  A shadow imp (D:4)
  2 white imps (D:4)
  3 ufetubi
  2 worms
  2 dart slugs
  5 orcs
  8 ball pythons
  3 endoplasms
  3 giant cockroaches
  5 goblins
  6 hobgoblins
  7 jackals
  12 kobolds
  2 quokkas
  4 bats
  2 frilled lizards
  3 rats (D:2)
92 creatures vanquished.

Notes
Turn   | Place    | Note
-------+----------+-------------------------------------------
     0 | D:1      | Joey1 the Minotaur Fighter began the quest for the Orb.
     0 | D:1      | Reached XP level 1. HP: 19/19 MP: 0/0
   167 | D:1      | Reached XP level 2. HP: 27/27 MP: 1/1
   481 | D:1      | Reached skill level 3 in Axes
   966 | D:2      | Noticed Sigmund
  1131 | D:2      | Reached XP level 3. HP: 33/33 MP: 2/2
  1205 | D:2      | Found a faded altar of an unknown god.
  1682 | D:2      | Reached skill level 1 in Dodging
  1729 | D:2      | Killed Sigmund
  1730 | D:2      | Reached skill level 4 in Axes
  1730 | D:2      | Reached XP level 4. HP: 23/41 MP: 3/3
  1730 | D:2      | Reached XP level 5. HP: 27/47 MP: 4/4
  1839 | D:2      | Reached skill level 5 in Axes
  2625 | D:3      | Reached XP level 6. HP: 43/55 MP: 5/5
  3241 | D:3      | Noticed Jessica
  3247 | D:3      | Killed Jessica
  3248 | D:3      | Reached skill level 5 in Shields
  3685 | D:4      | Reached skill level 5 in Fighting
  3765 | D:4      | Found a radiant altar of Vehumet.
  3767 | D:4      | Found a snail-covered altar of Cheibriados.
  3768 | D:4      | Found a shadowy altar of Dithmenos.
  3782 | D:4      | Found a stormy altar of Qazlal.
  3787 | D:4      | Found a basalt altar of Yredelemnul.
  3791 | D:4      | Reached skill level 6 in Axes
  3800 | D:4      | Found a blossoming altar of Fedhas.
  3801 | D:4      | Found an ornate altar of the Wu Jian Council.
  4290 | D:5      | Entered Level 5 of the Dungeon
  4384 | D:5      | Reached skill level 7 in Axes
  4384 | D:5      | Reached XP level 7. HP: 54/61 MP: 6/6
  4493 | D:4      | Reached skill level 8 in Axes
  4897 | D:5      | Reached skill level 9 in Axes
  4921 | D:5      | HP: 3/61 [gnoll/+0 flail[a gnoll bouda] (4)]
  4925 | D:4      | HP: 1/61 [gnoll/+0 flail[a gnoll bouda] (9)]
  4926 | D:4      | Slain by a gnoll

Illustrated notes

Levels and vault maps discovered:
D:1:      dpeg_arrival_boxes_within_box, layout_basic,
          dreamdust_princess_bridge, grunt_decor_cap
D:2:      layout_loops_ring, basic_ecumenical_altar, lemuel_flame_loot_1,
          uniq_sigmund
D:3:      layout_basic, mrwooster_statue_mirror, uniq_jessica
D:4:      layout_loops_ring, nicolae_overflow_hallway_of_the_gods,
          serial_demonic, serial_demonic_d, serial_demonic_b, serial_demonic_c,
          serial_demonic_f
D:5:      layout_gridville, grunt_decor_mini_mirrors

Skill      XL: |  1  2  3  4  5  6  7 |
---------------+----------------------+-----
Axes           | 3 4 5 7 9 |  9.2
Fighting       | 4 5 |  5.0
Shields        | 4 5 |  5.0
Dodging        | 2 3 |  3.0
Armour         | |  3.8

Action                     |  1- 3 |  4- 6 |  7- 9 || total
---------------------------+-------+-------+-------++-------
  Melee: War axe           |    72 |   102 |    41 ||   215
         Headbutt          |    16 |     9 |     4 ||    29
    Use: Potion            |       |       |     1 ||     1
 Armour: Scale mail        |    55 |   112 |    42 ||   209
  Dodge: Dodged            |    48 |    78 |    24 ||   150
  Block: Buckler           |    16 |    32 |    18 ||    66

Table legend: (Time is in decaauts)
 A = Elapsed time spent in this place.
 B = Non-inter-level travel time spent in this place.
 C = Inter-level travel time spent in this place.
 D = Time resting spent in this place.
 E = Time spent auto-exploring this place.
 F = Levels seen in this place.
 G = Mean time per level.
                   A        B        C        D        E       F      G
               +--------+--------+--------+--------+--------+-----+--------+
         Total |   4986 |   4637 |    349 |    360 |   3501 |   5 |  997.2 |
       Dungeon |   4986 |   4637 |    349 |    360 |   3501 |   5 |  997.2 |
               +--------+--------+--------+--------+--------+-----+--------+

Top non-repeatable levels by time:
     D:2: 1296 daAuts
     D:1: 1293 daAuts
     D:3: 954 daAuts
     D:4: 819 daAuts
     D:5: 623 daAuts
